 Dungeon Crawl Stone Soup version 0.19.1 (webtiles) character file.

115 Peloso the Skirmisher (level 4, 0/35 HPs)
             Began as a Demonspawn Fighter on Dec 23, 2016.
             Slain by a phantom (3 damage)
             ... on level 3 of the Dungeon.
             The game lasted 00:04:49 (2629 turns).

Peloso the Skirmisher (Demonspawn Fighter)          Turns: 2629, Time: 00:04:50

Health: 0/35       AC:  8    Str: 22    XL:     4   Next: 68%
Magic:  4/4        EV:  7    Int:  9    God:
Gold:   41         SH:  9    Dex: 13    Spells: 0 memorised, 3 levels left

rFire  . . .     SeeInvis .     s - +1 falchion (drain)
rCold  . . .     Gourm    .     b - +0 scale mail
rNeg   . . .     Faith    .     c - +0 shield
rPois  .         Spirit   .     (no helmet)
rElec  .         Reflect  .     (no cloak)
rCorr  .         Harm     .     (no gloves)
MR     .....                    (no boots)
Stlth  ..........               (no amulet)
                                (no ring)
                                (no ring)

@: mighty, drained
A: molten scales 1, rot immunity
a: no special abilities


You were on level 3 of the Dungeon.
You were near starving.

You visited 1 branch of the dungeon, and saw 3 of its levels.

You collected 41 gold pieces.

Inventory:

Hand Weapons
 a - a +0 long sword
 s - a +1 falchion of draining (weapon)
Armour
 b - a +0 scale mail (worn)
 c - a +0 shield (worn)
Scrolls
 e - 3 scrolls of remove curse {unknown}
 h - 5 scrolls of identify {unknown}
 k - a scroll of noise {unknown}
 m - a scroll of blinking {unknown}
 n - a scroll of fear {unknown}
 q - a scroll of teleportation {unknown}
Potions
 g - 2 potions of curing {unknown}
 j - a potion of cancellation {unknown}
 o - a potion of heal wounds {unknown}
Comestibles
 f - 3 bread rations
 i - a meat ration
 l - a beef jerky
 p - a royal jelly


   Skills:
 + Level 3.5(3.0) Fighting
 + Level 2.8(2.3) Long Blades
 + Level 3.4(3.0) Armour
 + Level 0.6(0.2) Dodging
 + Level 0.2(0.0) Stealth
 + Level 3.2(2.8) Shields


You had 3 spell levels left.
You didn't know any spells.

Dungeon Overview and Level Annotations

Branches:
Dungeon (3/15)

Altars:
Okawaru


Innate Abilities, Weirdness & Mutations

You are partially covered in molten scales. (AC +2)
You are immune to rotting.


Message History

You feel very mighty all of a sudden.
The phantom hits you but does no damage.
You slash the phantom!
The phantom is heavily damaged.
The phantom hits you.
* * * LOW HITPOINT WARNING * * *
The phantom blinks! x2
You hit the phantom.
The phantom is heavily damaged.
The phantom hits you!
* * * LOW HITPOINT WARNING * * *
The phantom blinks!
You closely miss the phantom.
The phantom is heavily damaged.
You block the phantom's attack.
A dart slug comes into view.
You hit the phantom.
The phantom is heavily damaged.
The phantom hits you.
You die...

##### #...######.##
###...........# ###
#...W...####..##....
####...@...............
...........####........
#####....##.........ยง##.
........(...............
.####...[.....w.........
#..#<)(..........!..
#..#)...........#.
#.##.......#..###
..#........#..#


You could see a phantom and a dart slug.

Vanquished Creatures
  An orc priest (D:3)
  An adder (D:2)
  An ooze (D:1)
  3 worms (D:2)
  3 dart slugs
  2 leopard geckos
  4 orcs (D:2)
  3 ball pythons (D:1)
  3 giant cockroaches (D:1)
  3 goblins
  4 hobgoblins
  A jackal (D:2)
  9 kobolds
  5 bats
  2 frilled lizards (D:2)
  10 rats
55 creatures vanquished.

Notes
Turn   | Place    | Note
-------+----------+-------------------------------------------
     0 | D:1      | Peloso the Demonspawn Fighter began the quest for the Orb.
     0 | D:1      | Reached XP level 1. HP: 18/18 MP: 1/1
    94 | D:1      | Gained mutation: You are immune to rotting. [demonic ancestry]
    94 | D:1      | Reached XP level 2. HP: 20/24 MP: 2/2
   338 | D:1      | Gained mutation: You are partially covered in molten scales. (AC +2) [demonic ancestry]
   338 | D:1      | Reached XP level 3. HP: 27/29 MP: 3/3
  1080 | D:2      | Found an iron altar of Okawaru.
  1284 | D:2      | Reached XP level 4. HP: 19/35 MP: 4/4
  1837 | D:3      | Noticed a phantom
  2629 | D:3      | Slain by a phantom

Skill      XL: |  1  2 |
---------------+-------+-----
Shields        | 3 |  3.2
Armour         | 3 |  3.4
Long Blades    | 2 |  2.8
Fighting       | |  3.5
Dodging        | |  0.6
Stealth        | |  0.2

Action                   |  1- 3 |  4- 6 || total
-------------------------+-------+-------++-------
Melee: Long sword        |   140 |    24 ||   164
       Falchion          |       |    58 ||    58
  Use: Potion            |       |     1 ||     1
  Eat: Chunk             |     1 |     3 ||     4
Armor: Scale mail        |    80 |    34 ||   114
Dodge: Dodged            |    63 |    20 ||    83
Block: Shield            |    90 |    39 ||   129
       Rpst.: Long sword |    13 |     1 ||    14
       Falchion          |       |     4 ||     4
